 Dungeon Crawl Stone Soup version 0.29-a0-577-gafbf2c5d25 (webtiles) character file.

Game seed: 1695096681311040832

0 DocClef the Covert (level 1, -6/23 HPs)
             Began as a Gnoll Delver on June 13, 2022.
             Mangled by an orc
             ... wielding a +0 trident
              (7 damage)
             ... on level 5 of the Dungeon.
             The game lasted 00:00:06 (23 turns).

DocClef the Covert (Gnoll Delver)                     Turns: 23, Time: 00:00:07

Health: -6/23      AC:  3    Str: 11    XL:     1   Next: 0%
Magic:  1/1        EV: 13    Int:  9    God:
Gold:   0          SH:  0    Dex: 13    Spells: 0/0 levels left

rFire   . . .      SeeInvis .   a - +0 short sword
rCold   . . .      Faith    .   (no shield)
rNeg    . . .      Spirit   .   b - +0 leather armour
rPois   .          Reflect  .   (no helmet)
rElec   .          Harm     .   (no cloak)
rCorr   .          Rampage  .   (no gloves)
Will    .....                   (no boots)
Stlth   ++++......              (no amulet)
HPRegen 0.07/turn               (no ring)
MPRegen 0.07/turn               (no ring)

@: no status effects
A: fangs 1, strong nose, distributed training
a: no special abilities


You were on level 5 of the Dungeon.
You visited 1 branch of the dungeon, and saw 1 of its levels.

Inventory:

Hand Weapons
 a - a +0 short sword (weapon)
Armour
 b - a +0 leather armour (worn)
Wands
 g - a wand of digging (3)
Scrolls
 c - a scroll of fog
 d - a scroll of magic mapping
 e - a scroll of fear
Potions
 f - a potion of haste
 h - a potion of heal wounds {unknown}


   Skills:
 + Level 6.4 Fighting
 + Level 4.4 Short Blades
 + Level 0.0 Long Blades
 + Level 0.0 Axes
 + Level 0.0 Maces & Flails
 + Level 0.0 Polearms
 + Level 0.0 Staves
 + Level 0.0 Slings
 + Level 0.0 Bows
 + Level 0.0 Crossbows
 + Level 0.0 Throwing
 + Level 0.0 Armour
 + Level 4.4 Dodging
 + Level 9.5 Stealth
 + Level 0.0 Shields
 + Level 0.0 Unarmed Combat
 + Level 0.0 Spellcasting
 + Level 0.0 Conjurations
 + Level 0.0 Hexes
 + Level 0.0 Summonings
 + Level 0.0 Necromancy
 + Level 0.0 Translocations
 + Level 0.0 Transmutations
 + Level 0.0 Fire Magic
 + Level 0.0 Ice Magic
 + Level 0.0 Air Magic
 + Level 0.0 Earth Magic
 + Level 0.0 Poison Magic
 + Level 0.0 Invocations
 + Level 0.0 Evocations


You couldn't memorise any spells.
You didn't know any spells.
Your spell library was empty.

Dungeon Overview and Level Annotations

Branches:
Dungeon (5/15)
 Temple: D:4-7

Altars:

Shops:
D:5 (


Innate Abilities, Weirdness & Mutations

You have very sharp teeth.
Your uncanny sense of smell can sniff out nearby items.
Your experience applies equally to all skills.


Message History

You hit the orc priest.
The orc priest is severely wounded.
The orc barely misses you.
The orc wizard gestures at you while chanting.
You are confused.
The orc priest hits you but does no damage.
The orc barely misses you.
You are too confused!
You are too confused!
Unknown command.
You're too confused to move!
The orc closely misses you. The orc hits you but does no damage.
The orc closely misses you. The orc priest barely misses you.
You barely miss the orc priest.
The orc priest is severely wounded.
The orc closely misses you. The orc priest completely misses you.
The orc hits you from afar with a +0 trident.
The orc hits you with a +0 flail. The orc wizard closely misses you.
Unknown command.
The orc wizard attacks as you move away!
The orc wizard barely misses you.
The orc wizard points at you and mumbles some strange words.
The puff of flame hits you.
* * * LOW HITPOINT WARNING * * *
Unknown command.
You're too confused to move!
The orc misses you.
The orc priest hits you with a +0 hand axe.
* * * LOW HITPOINT WARNING * * *
The orc misses you.
Unknown command.
You hit the orc priest.
The orc priest is almost dead.
You feel less confused. The orc closely misses you. x2
The orc priest hits you but does no damage.
Unknown command.
You hit the orc priest.
You kill the orc priest!
The orc hits you from afar with a +0 trident!
You die...

#..# ###+##### #..#
###........
###+##..###..........
#.........#.......[.
#......>..# ......####
#.........# #.....#.≈#
+....<....###...∩.#.P#
#...........).o...#D.#
...#.........@o....###
...#####.....oo........
.. #.....?...#.....
#.........# ....
#.........# ...
#.........# ..
#.........# .
#.........#


You could see a seven-headed hydra, an orc wizard and 3 orcs.

Vanquished Creatures
  An orc priest (D:5)
1 creature vanquished.

Notes
Turn   | Place    | Note
-------+----------+-------------------------------------------
     0 | D:5      | Reached skill level 9 in Stealth
     0 | D:5      | DocClef the Gnoll Delver began the quest for the Orb.
     0 | D:5      | Reached XP level 1. HP: 23/23 MP: 1/1
     7 | D:5      | Found Uptedd's Hydra Hut.
     9 | D:5      | Noticed an orc priest
    11 | D:5      | Noticed a seven-headed hydra
    11 | D:5      | Noticed an orc wizard
    21 | D:5      | HP: 1/23 [orc priest/+0 hand axe (4)]
    23 | D:5      | Killed an orc priest
    23 | D:5      | Mangled by an orc

Illustrated notes

Levels and vault maps discovered:
D:5:      wad_river_or_something, layout_basic, temple_doors_ab,
          gup_sewer_entry_glass, doesnt_shop_hydraphobe

Skill      XL: | |
---------------+-+-----
Stealth        | |  9.5
Fighting       | |  6.4
Short Blades   | |  4.4
Dodging        | |  4.4

Action                   || total
-------------------------++-------
Melee: Short sword       ||     7
Armor: Leather armour    ||     4
Dodge: Dodged            ||    15

Table legend: (Time is in decaauts)
 A = Elapsed time spent in this place.
 B = Non-inter-level travel time spent in this place.
 C = Inter-level travel time spent in this place.
 D = Time resting spent in this place.
 E = Time spent auto-exploring this place.
 F = Levels seen in this place.
 G = Mean time per level.
                   A        B        C        D        E       F      G
               +--------+--------+--------+--------+--------+-----+--------+
         Total |     22 |     22 |      0 |      0 |      6 |   1 |   22.0 |
       Dungeon |     22 |     22 |      0 |      0 |      6 |   1 |   22.0 |
               +--------+--------+--------+--------+--------+-----+--------+

Top non-repeatable levels by time:
     D:5: 22 daAuts
